 Dungeon Crawl Stone Soup version 0.18.1-48-g4cf74bf (webtiles) character file.

119 Krapule the Vexing (level 4, 0/32 HPs)
             Began as a Vampire Enchanter on Aug 29, 2016.
             Slain by a centaur zombie (3 damage)
             ... on level 3 of the Dungeon.
             The game lasted 00:11:38 (3338 turns).

Krapule the Vexing (Vampire Enchanter)              Turns: 3338, Time: 00:11:39

Health: 0/32       AC:  6    Str:  7    XL:     4   Next: 74%
Magic:  5/8        EV:  8    Int: 19    God:
Gold:   226        SH:  0    Dex: 15    Spells: 2 memorised, 4 levels left

rFire  x . .     SeeInvis +     l - -2 short sword (curse)
rCold  + . .     Gourm    .     b - +2 robe
rNeg   + . .     Faith    .     (no shield)
rPois  .         Spirit   .     (no helmet)
rElec  .         Dismiss  .     (no cloak)
rCorr  .         Reflect  .     n - +0 pair of gloves
SustAt .         Harm     .     i - +0 pair of boots
MR     .....                    (no amulet)
Stlth  +++.......               r - ring of ice
                                g - +2 ring of intelligence

@: not resistant to hostile enchantments, fairly stealthy
A: fangs 3, see invisible, unbreathing
a: Bat Form


You were on level 3 of the Dungeon.
You were not thirsty.

You visited 1 branch of the dungeon, and saw 3 of its levels.

You collected 226 gold pieces.

Inventory:

Hand Weapons
 a - a +1 dagger
 l - a cursed -2 short sword (weapon)
Armour
 b - a +2 robe (worn)
 i - a +0 pair of boots (worn)
 n - a +0 pair of gloves (worn)
Jewellery
 g - a +2 ring of intelligence (left hand)
 r - a ring of ice (right hand)
Wands
 h - a wand of paralysis (12/24)
Scrolls
 k - a scroll of teleportation
Potions
 d - 12 potions of blood
 e - a potion of cure mutation
 f - a potion of lignification
 j - a potion of cancellation {unknown}
 m - 2 potions of agility {unknown}
 o - a potion of mutation {unknown}
 p - 3 potions of curing {unknown}
 q - a potion of might {unknown}
Books
 c - a book of Maledictions

   Spells                             Type                      Level
   a - Corona                         Hexes                        1
   b - Ensorcelled Hibernation        Hexes/Ice                    2
   c - Confuse                        Hexes                        3
   d - Tukima's Dance                 Hexes                        3
   e - Dazzling Spray                 Conjuration/Hexes            3


   Skills:
 + Level 1.5 Fighting
 + Level 2.2 Short Blades
 + Level 3.0 Dodging
 + Level 4.7 Stealth
 + Level 2.7 Spellcasting
 + Level 5.1 Hexes


You had 4 spell levels left.
You knew the following spells:

 Your Spells              Type           Power        Failure   Level  Hunger
a - Corona                Hex            ###....      1%          1    None
z - Confuse               Hex            ###.....     8%          3    ###....


Dungeon Overview and Level Annotations

Branches:
Dungeon (3/15)

Altars:


Innate Abilities, Weirdness & Mutations

You have razor-sharp teeth.
You have supernaturally acute eyesight.
You can survive without breathing.


Message History

The bat closely misses you. The bat barely misses you.
The orc priest invokes the aid of Beogh against you.
Beogh smites you!
* * * LOW HITPOINT WARNING * * *
The bat barely misses you.
The goblin shoots a stone.
The stone completely misses you. The bat barely misses you.
The bat barely misses you. The centaur zombie barely misses you.
The bat barely misses you.
You see here a stone.
The bat hits you but does no damage. x2
The bat misses you. The centaur zombie hits you.
* * * LOW HITPOINT WARNING * * *
The bat hits you but does no damage. The bat misses you.
There is a stone staircase leading up here.
You see here a stone.
The bat hits you but does no damage. The centaur zombie hits you.
You die...

'#### #..........#
....# #..........# #
....###..........#.#
..((.......(..)..#.#
...o.........)...'.#
.....###.......(.#
..?..# #..o..g...#
.....# #....(obZ.+
.....# #......o.@#
.....#
######....(..#
+###.# #######.# #.#
#


You could see an orc priest, 2 orcs, a centaur zombie, a goblin and a bat.

Vanquished Creatures
  6 adders
  An ooze (D:1)
  A worm (D:2)
  A dart slug (D:2)
  5 giant geckos
  An orc (D:3)
  7 hobgoblins
  4 jackals (D:3)
  A quokka (D:2)
  2 ball pythons
  3 bats
  4 giant newts
  7 goblins
  5 kobolds
  2 rats (D:1)
  A fungus (D:1)
51 creatures vanquished.

Notes
Turn   | Place    | Note
--------------------------------------------------------------
     0 | D:1      | Krapule the Vampire Enchanter began the quest for the Orb.
     0 | D:1      | Reached XP level 1. HP: 13/13 MP: 3/3
   563 | D:1      | Reached XP level 2. HP: 20/20 MP: 5/5
  1479 | D:1      | Reached skill level 1 in Fighting
  1522 | D:2      | Reached skill level 5 in Hexes
  1522 | D:2      | Reached XP level 3. HP: 24/26 MP: 6/6
  1951 | D:2      | Learned a level 3 spell: Confuse
  1981 | D:2      | Reached XP level 4. HP: 32/32 MP: 7/7
  3338 | D:3      | Slain by a centaur zombie

Skill      XL: |  1  2  3  4 |
---------------+-------------+-----
Fighting       | 1 |  1.5
Hexes          | 5 |  5.1
Short Blades   | 2 |  2.2
Dodging        | 3 |  3.0
Stealth        | |  4.7
Spellcasting   | |  2.7

Action                   |  1- 3 |  4- 6 || total
-------------------------+-------+-------++-------
Melee: Dagger            |    75 |       ||    75
       Bite              |     7 |    10 ||    17
       Short sword       |    46 |   123 ||   169
 Cast: Corona            |     1 |       ||     1
       Confuse           |       |     6 ||     6
  Use: Scroll            |     4 |     2 ||     6
       Potion            |     7 |     1 ||     8
 Stab: Sleeping          |     8 |     7 ||    15
       Confused          |       |     4 ||     4
       Distracted        |       |     1 ||     1
Armor: Robe              |    19 |    44 ||    63
Dodge: Dodged            |    51 |    91 ||   142
